 Dungeon Crawl Stone Soup version 0.28-a0-384-g9e0c098162 (webtiles) character file.

Game seed: 4299254566444398365

944 frimble the Chiller (level 7, -16/55 HPs)
             Began as a Demonspawn Ice Elementalist on Sept 3, 2021.
             Demolished by a cyclops (21 damage)
             ... on level 6 of the Dungeon.
             The game lasted 00:09:14 (6038 turns).

frimble the Chiller (Demonspawn Ice Elementalist)   Turns: 6038, Time: 00:09:15

Health: -16/55     AC: 12    Str:  8    XL:     7   Next: 88%
Magic:  1/11       EV: 13    Int: 19    God:
Gold:   250        SH:  0    Dex: 15    Spells: 4/11 levels left

rFire   . . .      SeeInvis .   h - +1 short sword (flame)
rCold   + . .      Faith    .   (no shield)
rNeg    . . .      Spirit   .   a - +1 robe
rPois   .          Reflect  .   (no helmet)
rElec   .          Harm     .   (no cloak)
rCorr   +          Rampage  .   (no gloves)
Will    +....                   (no boots)
Stlth   +.........              (no amulet)
HPRegen 0.18/turn               d - ring "Ziku" {Drain rC+ Will+ rCorr Dex+2 Stlth-}
MPRegen 0.24/turn               (no ring)

@: ice-armoured, very slightly contaminated
A: slimy green scales 2, magic regeneration
a: no special abilities


You were on level 6 of the Dungeon.
You visited 1 branch of the dungeon, and saw 6 of its levels.

You collected 250 gold pieces.

Inventory:

Hand Weapons
 h - a +1 short sword of flaming (weapon)
Armour
 a - a +1 robe (worn)
 l - a +0 robe of positive energy
Jewellery
 d - the ring "Ziku" (left hand) {Drain rC+ Will+ rCorr Dex+2 Stlth-}
   (You acquired it on level 3 of the Dungeon)

   [ring of willpower]

   Dex:       It affects your dexterity (+2).
   rC:        It protects you from cold.
   rCorr:     It protects you from acid and corrosion.
   Drain:     It drains your maximum health when unequipped.
   Will:      It increases your willpower.
   Stlth:     It makes you less stealthy.
Wands
 b - a wand of flame (17)
 n - a wand of iceblast (8)
Scrolls
 p - a scroll of immolation
Potions
 c - a potion of cancellation
 e - 2 potions of might
 f - a potion of ambrosia
 i - 2 potions of flight
 o - 2 potions of attraction


   Skills:
 + Level 4.4 Fighting
 * Level 2.6 Short Blades
 - Level 4.0 Dodging
 + Level 2.0 Stealth
 + Level 2.8 Spellcasting
 + Level 5.5 Ice Magic
 + Level 1.9 Evocations


You had 4 spell levels left.
You knew the following spells:

 Your Spells              Type           Power      Damage    Failure   Level
a - Freeze                Ice            92%        1d10      1%          1
b - Frozen Ramparts       Ice            46%        1d6       4%          3
c - Ozocubu's Armour      Ice            23%        N/A       4%          3

Your spell library contained the following spells:

 Spells                   Type           Power      Damage    Failure   Level
 Sting                    Tmut/Pois      8%         1d3       16%         1
 Poisonous Vapours        Pois/Air       4%         N/A       24%         2
 Gell's Gravitas          Tloc           1%         N/A       43%         3
 Stone Arrow              Conj/Erth      4%         3d7       43%         3
 Teleport Other           Tloc           2%         N/A       43%         3
 Hailstorm                Conj/Ice       13%        3d5       43%         4
 Animate Armour           Summ/Erth      4%         N/A       83%         4
 Olgreb's Toxic Radiance  Pois           2%         N/A       83%         4
 Dispersal                Tloc           1%         N/A       100%        6
 Lehudib's Crystal Spear  Conj/Erth      1%         10d2      100%        8


Dungeon Overview and Level Annotations

Branches:
Dungeon (6/15)             Temple (0/1) D:5

Altars:
Elyvilon
Fedhas
Sif Muna
Trog
Wu Jian
Zin
The Shining One

Shops:
D:5 :


Innate Abilities, Weirdness & Mutations

You are mostly covered in slimy green scales. (AC +3)
You regenerate magic rapidly.


Message History

The wall freezes the bullfrog zombie but does no damage.
The wall freezes the cyclops.
The cyclops hits you!!
* * * LOW HITPOINT WARNING * * *
The bullfrog zombie resists.
The wall freezes the bullfrog zombie.
Casting: Freeze (safe; 1% risk of failure)
Confirm with . or Enter, or press ? or * to list all spells.
Aiming: Freeze (safe; 1% risk of failure)
Press: ? - help, Shift-Dir - straight line, f/p - cyclops
Aim: a cyclops, quivering large rocks (heavily wounded)
You freeze the cyclops.
The cyclops is severely wounded.
The bullfrog zombie resists.
The wall freezes the bullfrog zombie.
Okay, then.
Unknown command.
Casting: Freeze (safe; 1% risk of failure)
Confirm with . or Enter, or press ? or * to list all spells.
Okay, then.
Unknown command.
Okay, then.
Unknown command.
Okay, then.
Unknown command.
Casting: Freeze (safe; 1% risk of failure)
Confirm with . or Enter, or press ? or * to list all spells.
Aiming: Freeze (safe; 1% risk of failure)
Press: ? - help, Shift-Dir - straight line, f/p - cyclops
Aim: a cyclops, quivering large rocks (severely wounded)
You freeze the cyclops.
The cyclops is severely wounded.
The bullfrog zombie resists.
The wall freezes the bullfrog zombie.
The wall freezes the cyclops.
The cyclops misses you.
Casting: Freeze (safe; 1% risk of failure)
Confirm with . or Enter, or press ? or * to list all spells.
Aiming: Freeze (safe; 1% risk of failure)
Press: ? - help, Shift-Dir - straight line, f/p - cyclops
Aim: a cyclops, quivering large rocks (severely wounded)
You freeze the cyclops!
The cyclops is almost dead.
The frozen ramparts melt away.
The cyclops hits you!!
You die...

#.########.#
#...........
#...........
#########.##.# ######
#<...........#
......#############....#
........................
......#.#########......#
..... #@# #.#.#..# ....
#C# #.#...∩#
#######Z#### #.......
..o.o.))..$# #......#
Z.?...?....# ###'###.##
..o........# #.....#.#
..oK.......# #.....+.#
...........# #.....###
...........# #######


You could see a cyclops and a bullfrog zombie.

Vanquished Creatures
  Sigmund (D:3)
  A black bear (D:5)
  2 ice beasts (D:5)
  A kobold brigand (D:6)
  A scorpion (D:4)
  2 hounds
  2 jellies (D:5)
  2 orc wizards
  An iguana (D:4)
  A hound skeleton (D:4)
  8 adders
  A shadow imp (D:5)
  2 worms
  5 dart slugs
  8 orcs
  7 bats
  5 endoplasms
  3 giant cockroaches
  4 goblins
  A hobgoblin (D:1)
  5 quokkas
  8 ball pythons
  9 frilled lizards
  11 kobolds
  A quokka skeleton (D:4)
  9 rats
101 creatures vanquished.

Notes
Turn   | Place    | Note
-------+----------+-------------------------------------------
     0 | D:1      | frimble the Demonspawn Ice Elementalist began the quest for
                  | the Orb.
     0 | D:1      | Reached XP level 1. HP: 13/13 MP: 3/3
   327 | D:1      | Gained mutation: You regenerate magic rapidly. [demonic
                  | ancestry]
   327 | D:1      | Reached XP level 2. HP: 16/20 MP: 0/5
   797 | D:1      | Reached skill level 1 in Fighting
  1628 | D:2      | Gained mutation: You are partially covered in slimy green
                  | scales. (AC +2) [demonic ancestry]
  1628 | D:2      | Reached XP level 3. HP: 26/26 MP: 0/6
  1632 | D:2      | Learned a level 3 spell: Frozen Ramparts
  1752 | D:2      | Reached skill level 4 in Ice Magic
  2360 | D:2      | Reached XP level 4. HP: 33/33 MP: 0/7
  2610 | D:3      | Identified a scroll of acquirement
  2610 | D:3      | Acquired the ring "Ziku" {Drain rC+ Will+ rCorr Dex+2
                  | Stlth-}
  2812 | D:3      | Noticed Sigmund
  2825 | D:3      | Killed Sigmund
  2826 | D:3      | Reached XP level 5. HP: 15/41 MP: 4/8
  2826 | D:3      | Reached XP level 6. HP: 17/47 MP: 4/9
  3282 | D:3      | Found a faded altar of an unknown god.
  3282 | D:3      | Found an ornate altar of the Wu Jian Council.
  3292 | D:3      | Found a faded altar of an unknown god.
  3404 | D:3      | Learned a level 3 spell: Ozocubu's Armour
  4579 | D:4      | Reached skill level 5 in Ice Magic
  4864 | D:5      | Entered Level 5 of the Dungeon
  4883 | D:5      | Noticed an ice beast
  4901 | D:5      | Killed an ice beast
  4902 | D:5      | Reached skill level 1 in Short Blades
  4902 | D:5      | Gained mutation: You are mostly covered in slimy green
                  | scales. (AC +3) [demonic ancestry]
  4902 | D:5      | Reached XP level 7. HP: 46/53 MP: 5/10
  5087 | D:5      | Found a blossoming altar of Fedhas.
  5104 | D:5      | Reached skill level 1 in Evocations
  5413 | D:5      | Found a staircase to the Ecumenical Temple.
  5596 | D:5      | Found Pelet's Book Boutique.
  5876 | D:5      | Found a bloodstained altar of Trog.
  5878 | D:5      | Found a shimmering blue altar of Sif Muna.
  6024 | D:6      | Noticed a cyclops
  6038 | D:6      | Demolished by a cyclops

Illustrated notes

Levels and vault maps discovered:
D:1:      lemuel_arrival_river_bridge, layout_basic, kennysheep_boxes
D:2:      layout_loops_cross
D:3:      layout_rooms, chequers_temple_overflow_minitemple, uniq_sigmund
D:4:      minmay_spotlight, layout_basic, overflow_temple_1_default,
          kennysheep_small_circle
D:5:      layout_rooms, nicolae_overflow_hidden_temple, fedhas_ov_isle_minmay,
          minmay_temple_entry_mist, serial_shops, shop
D:6:      layout_basic, abandoned_shop, chequers_serial_rivers_marsh

Skill      XL: |  1  2  3  4  5  6  7 |
---------------+----------------------+-----
Dodging        | 2 3 4 |  4.0
Fighting       | 1 2 3 4 |  4.4
Ice Magic      | 4 5 |  5.5
Short Blades   | 1 2 |  2.6
Evocations     | 1 |  1.9
Stealth        | 2 |  2.0
Spellcasting   | |  2.8

Action                   |  1- 3 |  4- 6 |  7- 9 || total
-------------------------+-------+-------+-------++-------
Melee: Unarmed           |    54 |       |       ||    54
       Short sword       |    64 |   123 |    89 ||   276
 Cast: Freeze            |    40 |    13 |     3 ||    56
       Frozen Ramparts   |     2 |     7 |     8 ||    17
       Ozocubu's Armour  |       |     1 |     2 ||     3
Evoke: Wand              |       |       |     1 ||     1
  Use: Scroll            |     5 |     5 |     4 ||    14
       Potion            |       |     1 |       ||     1
 Stab: Sleeping          |     5 |       |       ||     5
       Distracted        |     1 |       |       ||     1
Armor: Robe              |    48 |    35 |    36 ||   119
Dodge: Dodged            |   139 |    84 |    82 ||   305

Table legend: (Time is in decaauts)
 A = Elapsed time spent in this place.
 B = Non-inter-level travel time spent in this place.
 C = Inter-level travel time spent in this place.
 D = Time resting spent in this place.
 E = Time spent auto-exploring this place.
 F = Levels seen in this place.
 G = Mean time per level.
                   A        B        C        D        E       F      G
               +--------+--------+--------+--------+--------+-----+--------+
         Total |   6092 |   5974 |    118 |     28 |   5013 |   6 | 1015.3 |
       Dungeon |   6092 |   5974 |    118 |     28 |   5013 |   6 | 1015.3 |
               +--------+--------+--------+--------+--------+-----+--------+

Top non-repeatable levels by time:
     D:1: 1478 daAuts
     D:4: 1302 daAuts
     D:2: 1159 daAuts
     D:5: 1053 daAuts
     D:3: 970 daAuts
     D:6: 129 daAuts
